 Dungeon Crawl Stone Soup version 0.23.2-33-g5129a83184 (webtiles) character file.

Game seed: 5268702543679689088

56 Atelerd the Conjurer (level 3, 0/23 HPs)
             Began as an Octopode Conjurer on July 16, 2019.
             Succumbed to Robin's poison
             ... on level 2 of the Dungeon.
             The game lasted 00:01:25 (2023 turns).

Atelerd the Conjurer (Octopode Conjurer)            Turns: 2023, Time: 00:01:25

Health: 0/23       AC:  1    Str: 12    XL:     3   Next: 97%
Magic:  7/7        EV: 13    Int: 18    God:
Gold:   68         SH:  0    Dex: 12    Spells: 7/8 levels left

rFire    . . .     SeeInvis .   e - +0 dagger
rCold    . . .     Gourm    .   (no shield)
rNeg     . . .     Faith    .   (helmet restricted)
rPois    .         Spirit   .   (no amulet)
rElec    .         Reflect  .   (no ring)
rCorr    .         Harm     .   (no ring)
MR       .....                  (no ring)
Stlth    +++.......             (no ring)
HPRegen  0.07/turn              (no ring)
MPRegen  0.10/turn              (no ring)
                                (no ring)
                                (no ring)

@: mighty, lethally poisoned (0 -> -11)
A: almost no armour, stealthy swim, amphibious, 8 rings, constrict 8, camouflage
1, gelatinous body 1
a: no special abilities


You were on level 2 of the Dungeon.
You were not hungry.

You visited 1 branch of the dungeon, and saw 2 of its levels.

You collected 68 gold pieces.

Inventory:

Hand Weapons
 e - a +0 dagger (weapon)
Scrolls
 a - a scroll of enchant weapon {unknown}
 c - a scroll of teleportation {unknown}
 d - a scroll of random uselessness {unknown}
 f - 2 scrolls of amnesia {unknown}
 j - 2 scrolls of identify {unknown}
Comestibles
 b - 6 rations


   Skills:
 + Level 1.4 Fighting
 - Level 2.0 Dodging
 - Level 2.6 Stealth
 * Level 3.0 Spellcasting
 + Level 4.3 Conjurations


You had 7 spell levels left.
You knew the following spells:

 Your Spells              Type           Power        Failure   Level  Hunger
a - Magic Dart            Conj           ###.         2%          1    None

Your spell library contained the following spells:

 Spells                   Type           Power        Failure   Level  Hunger
 Searing Ray              Conj           ###...       4%          2    ##.....
 Dazzling Spray           Conj/Hex       ##....       21%         3    ###....
 Iskenderun's Mystic Bla  Conj           ###.....     26%         4    ####...
 Force Lance              Conj/Tloc      ##......     54%         4    ####...
 Fulminant Prism          Conj/Hex       ##........   54%         4    ####...


Dungeon Overview and Level Annotations

Branches:
Dungeon (2/15)

Altars:


Innate Abilities, Weirdness & Mutations

You cannot wear most types of armour.
You are very stealthy in the water. (Stealth+)
You are amphibious.
You can wear up to eight rings at the same time.
You can use your tentacles to constrict eight enemies at once.
Your skin changes colour to match your surroundings (Stealth+).
Your rubbery body absorbs attacks. (AC +1, EV +1)


Message History

You constrict Robin.
You kill Robin!
Your Spellcasting skill increases to level 3!
You feel sick.
The goblin hits you with a cursed -2 club.
The goblin hits you with a +0 dagger.
You feel sick. The goblin hits you but does no damage.
It was a potion of might.
You feel very mighty all of a sudden.
* * * LOW HITPOINT WARNING * * *
You feel sick. The goblin barely misses you.
The goblin hits you with a +0 dagger.
* * * LOW HITPOINT WARNING * * *
It was a potion of magic.
Magic courses through your body.
* * * LOW HITPOINT WARNING * * *
You feel sick. The goblin hits you but does no damage.
The goblin barely misses you. x2
* * * LOW HITPOINT WARNING * * *
You feel sick.
You die...

..# #.# #.# #. #.#
#.
#+####.############
#.
#..................
#.
####.....##########
#g#####.....# #
#g#..@......# #
#)#.g..##+### #
#gg.g..'..# #
###..).#### ##
###### #. #. #. #.
##


You could see a hobgoblin and 3 goblins.

Vanquished Creatures
  Robin (D:2)
  An adder (D:2)
  An ooze (D:1)
  2 dart slugs (D:1)
  A bat (D:1)
  3 giant cockroaches (D:1)
  2 goblins (D:1)
  6 hobgoblins
  2 jackals (D:1)
  A ball python (D:1)
  2 frilled lizards
  2 kobolds
  3 rats
27 creatures vanquished.

Notes
Turn   | Place    | Note
-------+----------+-------------------------------------------
     0 | D:1      | Atelerd the Octopode Conjurer began the quest for the Orb.
     0 | D:1      | Reached XP level 1. HP: 11/11 MP: 3/3
   746 | D:1      | Reached XP level 2. HP: 18/18 MP: 1/5
   986 | D:1      | Reached skill level 1 in Fighting
   991 | D:1      | Reached XP level 3. HP: 23/23 MP: 6/6
  2010 | D:2      | Noticed Robin
  2018 | D:2      | Killed Robin
  2022 | D:2      | HP: 1/23 [poisoned by Robin]
  2023 | D:2      | Succumbed to Robin's poison

Skill      XL: |  1  2  3 |
---------------+----------+-----
Fighting       | 1 |  1.4
Spellcasting   | 3 |  3.0
Dodging        | |  2.0
Stealth        | |  2.6
Conjurations   | |  4.3

Action                   || total
-------------------------++-------
Melee: Dagger            ||    48
       Unarmed           ||     5
       Constrict         ||    13
       Tentacles         ||     7
 Cast: Magic Dart        ||    12
  Use: Potion            ||     2
 Stab: Sleeping          ||    12
  Eat: Chunk             ||     3
Armor: Skin              ||    12
Dodge: Dodged            ||    41
